 Dungeon Crawl Stone Soup version 0.23-a0-690-g0a1fc62 (webtiles) character file.

16 Lanoc the Skirmisher (level 2, 0/24 HPs)
             Began as a Demonspawn Berserker on Jan 11, 2019.
             Was a Follower of Trog.
             Slain by a leopard gecko (3 damage)
             ... on level 1 of the Dungeon.
             The game lasted 00:02:00 (224 turns).

Lanoc the Skirmisher (Demonspawn Berserker)          Turns: 224, Time: 00:02:01

Health: 0/24       AC:  2    Str: 17    XL:     2   Next: 41%
Magic:  2/2        EV: 12    Int:  8    God:    Trog [*.....]
Gold:   32         SH:  0    Dex: 12    Spells: 1/1 levels left

rFire    . . .     SeeInvis .   a - +0 falchion
rCold    . . .     Gourm    .   (no shield)
rNeg     . . .     Faith    .   b - +0 animal skin
rPois    .         Spirit   .   (no helmet)
rElec    .         Reflect  .   (no cloak)
rCorr    .         Harm     .   (no gloves)
MR       .....                  (no boots)
Stlth    +.........             (no amulet)
HPRegen  0.08/turn              (no ring)
MPRegen  0.08/turn              (no ring)

@: berserk cooldown, slowed, very slow
A: claws 1
a: Berserk, Renounce Religion


You were on level 1 of the Dungeon.
You worshipped Trog.
Trog was aware of your devotion.
You were not hungry.

You visited 1 branch of the dungeon, and saw 1 of its levels.

You collected 32 gold pieces.

Inventory:

Hand Weapons
 a - a +0 falchion (weapon)
Armour
 b - a +0 animal skin (worn)
Scrolls
 e - a scroll of magic mapping {unknown}
 g - a scroll of remove curse {unknown}
Potions
 d - a potion of degeneration {unknown}
 h - 2 potions of curing {unknown}
Comestibles
 c - a ration
 f - 2 chunks of flesh


   Skills:
 + Level 3.1 Fighting
 * Level 3.0 Long Blades
 + Level 2.0 Armour
 + Level 2.0 Dodging


You had one spell level left.
You didn't know any spells.
Your spell library was empty.

Dungeon Overview and Level Annotations

Branches:
Dungeon (1/15)

Altars:


Innate Abilities, Weirdness & Mutations

You have sharp fingernails.


Message History

You feel yourself slow down.
Found a whip.
You closely miss the goblin. The goblin hits you.
You closely miss the goblin. The goblin hits you.
* * * LOW HITPOINT WARNING * * *
A leopard gecko comes into view.
The goblin misses you.
You riposte.
You barely miss the goblin. You closely miss the goblin. The goblin hits you.
* * * LOW HITPOINT WARNING * * *
The goblin closely misses you.
You barely miss the goblin. The goblin misses you.
You riposte.
You closely miss the goblin. You completely miss the goblin.
The goblin hits you but does no damage. The goblin barely misses you.
You hit the goblin.
You kill the goblin!
Trog accepts your kill.
The leopard gecko bites you but does no damage.
The leopard gecko bites you.
You die...

....... #.#
........# #.#######
........# #........
#......# #########
#......#
##......############
....(....?)........#
..........########.#
.......@.## #.#
......?l.# #.#
........... #.# ##
#............ #.# #.
#.............. #.#
#( .#.......#8##).
#.# #. #...%...### .
#.# #. .#......# #.#
#) #.####.


You could see a leopard gecko.

Vanquished Creatures
  A bat (D:1)
  3 giant cockroaches (D:1)
  A goblin (D:1)
  3 jackals (D:1)
  2 frilled lizards (D:1)
  4 kobolds (D:1)
  A rat (D:1)
15 creatures vanquished.

Notes
Turn   | Place    | Note
-------+----------+-------------------------------------------
     0 | D:1      | Lanoc the Demonspawn Berserker began the quest for the Orb.
     0 | D:1      | Reached XP level 1. HP: 18/18 MP: 1/1
    78 | D:1      | Gained mutation: You have sharp fingernails. [demonic
                  | ancestry]
    78 | D:1      | Reached XP level 2. HP: 11/24 MP: 2/2
   224 | D:1      | Slain by a leopard gecko

Vault maps used:
D:1:      roderic_crossed_star, kennysheep_flooded_box,
          hangedman_decor_peaks_small, corexii_hall_statues_u

Skill      XL: |  1  2 |
---------------+-------+-----
Long Blades    | 3 |  3.0
Armour         | 2 |  2.0
Dodging        | 2 |  2.0
Fighting       | |  3.1

Action                   || total
-------------------------++-------
Melee: Falchion          ||    41
Invok: Berserk           ||     1
Armor: Animal skin       ||    10
Dodge: Dodged            ||    30
       Rpst.: Falchion   ||    15

Table legend:
 A = Non-vault XP
 B = Vault XP
 C = Vault XP percentage of total XP
 D = Non-vault monster count
 E = Vault monster count
 F = Vault count percentage of total count
                 A         B        C        D         E       F
            +---------+---------+-------+---------+---------+-------
      Total |      24 |       0 |   0.0 |      15 |       0 |   0.0
            +---------+---------+-------+---------+---------+-------
        D:1 |      24 |       0 |   0.0 |      15 |       0 |   0.0
            +---------+---------+-------+---------+---------+-------
